 Dungeon Crawl Stone Soup version 0.31-a0-455-g1a7b003ef0 (webtiles) character file.

Game seed: 6189174215180640078

17927 jasper the Nimble (level 12, -1/76 HPs)
             Began as a Deep Elf Conjurer on Aug 2, 2023.
             Was a High Priest of Vehumet.
             Slain by a dire elephant simulacrum (10 damage)
             ... in an ice cave on Aug 3, 2023.
             The game lasted 00:31:10 (14703 turns).

jasper the Nimble (Deep Elf Conjurer)              Turns: 14703, Time: 00:31:11

Health: -1/76      AC: 12    Str:  8    XL:     12   Next: 23%
Magic:  16/24      EV: 18    Int: 31    God:    Vehumet [*****.]
Gold:   392        SH:  5    Dex: 15    Spells: 3/25 levels left

rFire   . . .        n - +4 trident of the Dowdy God {flame, rC+}
rCold   + + .        F - +0 buckler
rNeg    . . .        P - +0 steam dragon scales
rPois   .            c - +0 helmet
rElec   .            y - +0 cloak
rCorr   .            E - +0 pair of gloves of Nixyewon {+Blink Regen+ Str+4 Dex+2}
SInv    .            (no boots)
Will    ++...        k - amulet "Giosch" {Acrobat +Blink rC+ Int+2}
Stlth   ++           l - ring of willpower
HPRegen 1.12/turn    K - +4 ring of protection
MPRegen 0.19/turn

%: acrobat
@: no status effects
A: no striking features
a: Renounce Religion, Evoke Blink


You were in an ice cave.
You worshipped Vehumet.
Vehumet was extremely pleased with you.
You visited 3 branches of the dungeon, and saw 13 of its levels.
You also visited: Ice Cave.

You collected 827 gold pieces.
You spent 435 gold pieces at shops.

Inventory:

Hand Weapons
 f - a +1 flail of protection
 n - the +4 trident of the Dowdy God (weapon) {flame, rC+}
   (You found it on level 3 of the Dungeon)

   rC:        It protects you from cold.
Missiles
 e - a throwing net
 j - 13 poisoned darts
 Q - a curare-tipped dart
Armour
 a - a +0 robe
 c - a +0 helmet (worn)
 q - a +0 kite shield
 t - a +2 leather armour of positive energy
 y - a +0 cloak (worn)
 E - the +0 pair of gloves of Nixyewon (worn) {+Blink Regen+ Str+4 Dex+2}
   (You bought it in a shop on level 3 of the Dungeon)

   Str:       It affects your strength (+4).
   Dex:       It affects your dexterity (+2).
   +Blink:    It lets you blink.
   Regen:     It increases your rate of health regeneration.
 F - a +0 buckler (worn)
 P - +0 steam dragon scales (worn)
Jewellery
 k - the amulet "Giosch" (around neck) {Acrobat +Blink rC+ Int+2}
   (You found it on level 7 of the Dungeon)

   [amulet of the acrobat]

   It increases your evasion while moving and waiting.
   Int:       It affects your intelligence (+2).
   rC:        It protects you from cold.
   +Blink:    It lets you blink.
 l - a ring of willpower (left hand)
 J - an amulet of reflection
 K - a +4 ring of protection (right hand)
 L - a ring of magical power
 O - a ring of fire
 R - an amulet of regeneration
 T - a ring of positive energy
Talismans
 g - a beast talisman
Wands
 o - a wand of flame (47)
 s - a wand of digging (10)
 x - a wand of iceblast (8)
 z - a wand of polymorph (8)
 B - a wand of mindburst (2)
 M - a wand of paralysis (13)
Scrolls
 p - 3 scrolls of teleportation
 G - 2 scrolls of fear
 H - 2 scrolls of enchant weapon
 I - a scroll of fog
 S - a scroll of brand weapon
 U - a scroll of vulnerability
Potions
 d - 4 potions of degeneration
 h - a potion of curing
 i - 2 potions of brilliance
 m - 3 potions of lignification
 r - 4 potions of enlightenment
 w - a potion of berserk rage
 A - 2 potions of heal wounds
 C - a potion of invisibility
 D - 2 potions of might {unknown}
 N - 2 potions of mutation {unknown}
 V - a potion of haste {unknown}
Miscellaneous
 u - a lightning rod (inert)


   Skills:
 - Level 9.3 Fighting
 - Level 12.9 Dodging
 - Level 2.4 Stealth
 - Level 4.1 Shields
 - Level 7.0 Spellcasting
 - Level 8.3 Conjurations
 - Level 5.0 Hexes
 - Level 2.0 Translocations
 + Level 6.4 Earth Magic
 - Level 6.0 Evocations


You had 3 spell levels left.
You knew the following spells:

 Your Spells              Type           Power      Damage    Failure   Level
a - Magic Dart            Conj           100%       1d8       1%          1
b - Searing Ray           Conj           100%       2d8       1%          2
c - Fulminant Prism       Conj/Hex       25%        3d14      1%          4
d - Iskenderun's Mystic   Conj/Tloc      43%        2d10      2%          4
e - Stone Arrow           Conj/Erth      100%       3d13      1%          3
f - Mephitic Cloud        Conj/Pois/Air  28%        N/A       1%          3
g - Lee's Rapid Deconstr  Erth           25%        3d14*     3%          5

Your spell library contained the following spells:

 Spells                   Type           Power      Damage    Failure   Level
 Freeze                   Ice            40%        1d6       1%          1
 Sandblast                Erth           100%       2d20      1%          1
 Dazzling Flash           Conj/Hex       100%       N/A       1%          3
 Hailstorm                Conj/Ice       36%        3d9       1%          3
 Inner Flame              Hex/Fire       26%        N/A       1%          3
 Passwall                 Tmut/Erth      25%        N/A       2%          2
 Portal Projectile        Hex/Tloc       64%        N/A       4%          3
 Frozen Ramparts          Ice            20%        1d4       5%          3
 Call Canine Familiar     Summ           10%        N/A       21%         3
 Flame Wave               Conj/Fire      36%        2d10      3%          4
 Sticky Flame             Conj/Fire      36%        2d6       3%          4
 Leda's Liquefaction      Hex/Erth       23%        N/A       6%          4


Dungeon Overview and Level Annotations

Branches:
Dungeon (11/15)            Temple (1/1) D:5            Lair (1/5) D:9
    Orc (0/2) D:10          IceCv (1/1)

Altars:
Ashenzari
Cheibriados
Dithmenos
Elyvilon
Fedhas
Gozag
Hepliaklqana
Makhleb
Nemelex Xobeh
Okawaru
Qazlal
Sif Muna
Trog
Uskayaw
Vehumet
Wu Jian
Xom
Yredelemnul
Zin
The Shining One

Shops:
D:3 [   D:6 :

Annotations:
D:9 2 transporters


Message History

The dire elephant simulacrum is severely damaged.
The dire elephant simulacrum misses you.
The dire elephant simulacrum trunk-slaps you but does no damage.
You hit the dire elephant simulacrum but do no damage.
The dire elephant simulacrum is severely damaged.
The dire elephant simulacrum tramples you but does no damage.
The dire elephant simulacrum closely misses you.
You hit the dire elephant simulacrum.
You melt the dire elephant simulacrum.
The dire elephant simulacrum is almost destroyed.
The dire elephant simulacrum is no longer covered in acid.
The dire elephant simulacrum tramples you!
You hold your ground!
The dire elephant simulacrum closely misses you.
You take 12 damage, and have 37/76 hp.
Aiming: Mindburst
Press: ? - help, Shift-Dir - straight line, f - you, p - dire elephant simulacrum
Okay, then.
Magic courses through your body.
The dire elephant simulacrum closely misses you.
The dire elephant simulacrum trunk-slaps you but does no damage.
MP restored: 24
Casting: Iskenderun's Mystic Blast (dangerous; 2% risk of failure)
Confirm with . or Enter, or press ? or * to list all spells.
You erupt in a blast of force!
The mystic blast hits the dire elephant simulacrum but does no damage.
The dire elephant simulacrum is almost destroyed.
You now have 20/24 mp.
Casting: Iskenderun's Mystic Blast (dangerous; 2% risk of failure)
Confirm with . or Enter, or press ? or * to list all spells.
You erupt in a blast of force!
The mystic blast hits the dire elephant simulacrum but does no damage.
The dire elephant simulacrum is almost destroyed.
The dire elephant simulacrum tramples you!!
* * * LOW HITPOINT WARNING * * *
You hold your ground!
The dire elephant simulacrum trunk-slaps you.
* * * LOW HITPOINT WARNING * * *
The dire elephant simulacrum freezes you!
You resist.
You die...

#......######
#)..#...##
#.⌠.###..## #)..#
###.# ## #...#
##.# #.# ##..#
#..#
#..###########.##
#....##.####...#
#.#Z@#..#.##..##
##.#...#..#.#.#
#.###.##...##..#
#~########.###≈≈≈
##~## ### ≈≈≈≈
#~~# ≈≈≈≈≈#
##Z~≈≈≈≈≈≈ ≈≈≈≈##
#~~≈≈≈≈≈≈ ≈≈..
°#≈≈≈≈≈≈≈


You could see a dire elephant simulacrum.

Vanquished Creatures
  2 two-headed ogres
  2 ugly things (D:11)
  5 elephants (Lair:1)
  A black mamba (Lair:1)
  A cane toad (Lair:1)
  Psyche (D:9)
  2 kobold demonologists (D:11)
  2 komodo dragons
  2 anaconda simulacra (IceCv)
  2 ice devils (Lair:1)
  3 trolls
  2 hornets
  A vampire (D:11)
  5 wyverns
  A basilisk (D:7)
  3 wraiths
  2 shadows (D:10)
  Grum (D:8)
  11 yaks
  3 vampire mosquitoes (D:10)
  A steam dragon (D:10)
  2 death yak simulacra (IceCv)
  A hydra simulacrum (IceCv)
  An acid dragon (D:9)
  A harpy simulacrum (IceCv)
  6 water moccasins
  5 orc warriors
  2 ice beasts
  2 sky beasts
  An ogre (D:6)
  4 wolves (D:8)
  A centaur (D:6)
  2 phantoms
  2 kobold brigands
  2 gnoll sergeants
  3 bullfrogs (Lair:1)
  2 two-headed ogre simulacra (IceCv)
  2 scorpions
  3 troll zombies (D:10)
  3 wights (D:9)
  3 elephant simulacra (IceCv)
  11 killer bees (D:8)
  7 howler monkeys
  3 hounds
  4 jellies
  10 orc priests
  A sleepcap (D:4)
  Crazy Yiuf (D:5)
  A gnoll bouda (D:7)
  2 iguanas (D:4)
  5 orc wizards
  5 spriggan simulacra (IceCv)
  Terence (D:3)
  3 troll simulacra (IceCv)
  A wolf simulacrum (IceCv)
  5 ogre zombies (D:10)
  Robin (D:3)
  18 gnolls
  6 naga simulacra (IceCv)
  13 adders
  A shadow imp (D:5)
  13 white imps
  10 ufetubi
  5 worms
  3 dart slugs (D:4)
  35 orcs
  3 endoplasms
  5 giant cockroaches
  12 goblins
  6 hobgoblins
  3 jackals
  2 quokkas
  7 ball pythons
  2 bats (D:2)
  4 frilled lizards
  3 goblin skeletons (D:10)
  A goblin zombie (D:10)
  2 hobgoblin skeletons (D:10)
  2 hobgoblin zombies (D:10)
  16 kobolds
  An orc skeleton (D:10)
  16 orc zombies (D:10)
  7 rats
  A fulminant prism (D:10)
359 creatures vanquished.

Vanquished Creatures (others)
  23 fulminant prisms
23 creatures vanquished.

Grand Total: 382 creatures vanquished

Notes
Turn   | Place    | Note
-------+----------+-------------------------------------------
     0 | D:1      | jasper the Deep Elf Conjurer began the quest for the Orb.
     0 | D:1      | Reached XP level 1. HP: 10/10 MP: 6/6
   365 | D:1      | Reached XP level 2. HP: 16/16 MP: 2/8
   368 | D:1      | Learned a level 2 spell: Searing Ray
   953 | D:2      | Reached skill level 3 in Dodging
   953 | D:2      | Reached skill level 5 in Conjurations
   953 | D:2      | Reached XP level 3. HP: 20/20 MP: 1/9
   954 | D:2      | Reached skill level 1 in Fighting
  1409 | D:2      | Reached XP level 4. HP: 25/25 MP: 2/10
  1477 | D:2      | Learned a level 4 spell: Fulminant Prism
  1601 | D:2      | Found a faded altar of an unknown god.
  1615 | D:2      | Prayed at the altar of an unknown god.
  1615 | D:2      | Became a worshipper of Vehumet
  1615 | D:2      | Reached * piety under Vehumet
  1615 | D:2      | Offered knowledge of Foxfire by Vehumet.
  1616 | D:2      | Upgraded the game from 0.31-a0-441-g867994ef1c to
                  | 0.31-a0-455-g1a7b003ef0
  1860 | D:3      | Found Inium's Antique Armour Shoppe.
  2122 | D:3      | Identified the +4 trident of the Dowdy God {flame, rC+}
  2125 | D:3      | Found Lapuatz's Armour Emporium.
  2151 | D:3      | Reached skill level 1 in Hexes
  2570 | D:3      | Noticed Terence
  2671 | D:4      | Reached XP level 5. HP: 29/29 MP: 6/11
  2794 | D:4      | Offered knowledge of Shock by Vehumet.
  2803 | D:4      | Reached skill level 4 in Dodging
  3051 | D:4      | Reached ** piety under Vehumet
  3217 | D:4      | Found a glowing silver altar of Zin.
  3218 | D:4      | Found a white marble altar of Elyvilon.
  3219 | D:4      | Found a glowing golden altar of the Shining One.
  3420 | D:4      | Reached XP level 6. HP: 25/35 MP: 8/12
  3629 | D:4      | Learned a level 4 spell: Iskenderun's Mystic Blast
  3630 | D:5      | Entered Level 5 of the Dungeon
  4022 | D:5      | Reached XP level 7. HP: 40/40 MP: 3/13
  4106 | D:5      | Found a staircase to the Ecumenical Temple.
  4438 | D:5      | Found an iron altar of Okawaru.
  4557 | D:5      | Found a runed translucent door.
  4558 | D:5      | Noticed Crazy Yiuf
  4565 | D:5      | Killed Crazy Yiuf
  4621 | Temple   | Entered the Ecumenical Temple
  4788 | D:6      | Found Wocseblo's Book Shoppe.
  5070 | D:6      | Reached skill level 5 in Dodging
  5159 | D:6      | Offered knowledge of Static Discharge by Vehumet.
  5240 | D:6      | Noticed a wyvern
  5260 | D:6      | Killed a wyvern
  5391 | D:6      | Reached XP level 8. HP: 40/46 MP: 8/15
  6148 | D:7      | Reached *** piety under Vehumet
  6334 | D:7      | Reached skill level 1 in Translocations
  6343 | D:7      | Reached skill level 5 in Hexes
  6524 | D:7      | Identified the amulet "Giosch" {Acrobat +Blink rC+ Int+2}
  6707 | D:7      | Reached skill level 6 in Dodging
  6776 | D:7      | Identified the +6 dagger of Ceockapp {venom, rF+ Will+
                  | Stlth+}
  6788 | D:7      | Learned a level 3 spell: Stone Arrow
  6806 | D:7      | Offered knowledge of Mephitic Cloud by Vehumet.
  6814 | D:7      | Reached skill level 5 in Spellcasting
  6816 | D:7      | Reached skill level 1 in Earth Magic
  6834 | D:7      | Noticed a hornet
  6842 | D:7      | Killed a hornet
  6843 | D:7      | Reached skill level 7 in Dodging
  6843 | D:7      | Reached XP level 9. HP: 52/52 MP: 6/19
  6847 | D:7      | Learned a level 3 spell: Mephitic Cloud
  7461 | D:7      | Found a shimmering altar of Xom.
  7462 | D:7      | Found a sparkling altar of Nemelex Xobeh.
  7465 | D:7      | Found a radiant altar of Vehumet.
  7857 | D:8      | Found a hazy altar of Hepliaklqana.
  7997 | D:8      | Reached **** piety under Vehumet
  8069 | D:8      | Reached skill level 5 in Fighting
  8076 | D:8      | Reached skill level 8 in Dodging
  8079 | D:8      | Noticed Grum
  8083 | D:8      | Offered knowledge of Irradiate by Vehumet.
  8087 | D:8      | Killed Grum
  8088 | D:8      | Reached skill level 9 in Dodging
  8088 | D:8      | Reached XP level 10. HP: 46/60 MP: 14/22
  8151 | D:8      | Found a hide-covered altar of Uskayaw.
  8789 | D:3      | Bought the +0 pair of gloves of Nixyewon {+Blink Regen+
                  | Str+4 Dex+2} for 435 gold pieces
  8895 | D:3      | Killed Terence
  8934 | D:3      | Noticed Robin
  8940 | D:3      | Killed Robin
  9558 | D:9      | Noticed Psyche
  9562 | D:9      | Killed Psyche
  9563 | D:9      | Reached skill level 10 in Dodging
  9563 | D:9      | Reached skill level 1 in Shields
  9680 | D:9      | Found a transporter.
  9766 | D:9      | Noticed a two-headed ogre
  9771 | D:9      | Killed a two-headed ogre
  9772 | D:9      | Reached skill level 1 in Evocations
 10015 | D:9      | Reached XP level 11. HP: 49/67 MP: 3/23
 10143 | D:9      | Found a staircase to the Lair.
 10147 | D:9      | Found a transporter.
 10151 | D:9      | Noticed a boulder beetle
 10361 | D:9      | Reached ***** piety under Vehumet
 10366 | D:9      | Offered knowledge of Plasma Beam by Vehumet.
 10581 | D:10     | Entered Level 10 of the Dungeon
 10703 | D:10     | Reached skill level 11 in Dodging
 10726 | D:10     | Found a staircase to the Orcish Mines.
 12002 | D:11     | Noticed a two-headed ogre
 12026 | D:11     | Killed a two-headed ogre
 12027 | D:11     | Reached skill level 5 in Evocations
 12399 | D:11     | Noticed a brown ugly thing
 12432 | D:11     | Killed a brown ugly thing
 12557 | D:11     | Noticed a purple ugly thing
 12562 | D:11     | Killed a purple ugly thing
 13183 | Lair:1   | Entered Level 1 of the Lair of Beasts
 13225 | Lair:1   | Reached skill level 12 in Dodging
 13489 | Lair:1   | Reached XP level 12. HP: 76/76 MP: 10/24
 13524 | Lair:1   | Offered knowledge of Lee's Rapid Deconstruction by Vehumet.
 13531 | Lair:1   | Learned a level 5 spell: Lee's Rapid Deconstruction
 13538 | Lair:1   | Found a frozen archway.
 13636 | IceCv    | Entered an ice cave
 13810 | IceCv    | Reached skill level 5 in Earth Magic
 14703 | IceCv    | Slain by a dire elephant simulacrum

Illustrated notes

Levels and vault maps discovered:
D:1:      amcnicky_arrival_abandoned_market, layout_loops_ring,
          chequers_serial_rivers_small_a, hangedman_decor_slide_cut
D:2:      layout_rooms, ebering_ecumenical_altar_abandoned
D:3:      layout_loops_corners, serial_shops, shop, shop, uniq_terence,
          uniq_robin
D:4:      kennysheep_six_static_rooms, layout_rooms, good_gods_temple_1
D:5:      layout_loops_ring, kennysheep_okawaru_gauntlet, temple_statues,
          minmay_misc_feat_four_crosses, uniq_crazy_yiuf_cottage
D:6:      layout_layer_cave, serial_shops, shop
D:7:      layout_layer_cave, nicolae_overflow_hidden_temple,
          kennysheep_generic_room_3
D:8:      layout_rooms, mainiacjoe_overflow_concentric_impassable,
          mainiacjoe_overflow_alcove_2, uniq_grum
D:9:      gammafunk_boulding_lane, layout_irregular_city, lair_entry_dummy,
          uniq_psyche
D:10:     layout_basic, zombieorc2_lemuel
D:11:     layout_long_grid
Temple:   grunt_temple_mini_profane
Lair:1:   minmay_lair_oklob_tunnel, layout_loops_ring,
          portal_ice_cave_demonic_guard
IceCv:    ice_cave_caverns_02

Skill      XL: |  1  2  3  4  5  6  7  8  9 10 11 12 |
---------------+-------------------------------------+-----
Dodging        | 3 4 5 7 9 10 12 | 12.9
Conjurations   | 5 6 7 8 |  8.3
Fighting       | 1 2 3 4 6 7 9 |  9.3
Hexes          | 1 2 3 4 5 |  5.0
Spellcasting   | 5 7 |  7.0
Translocations | 2 |  2.0
Earth Magic    | 2 4 6 |  6.4
Shields        | 4 |  4.1
Evocations     | 2 6 |  6.0
Stealth        | |  2.4

Action                     |  1- 3 |  4- 6 |  7- 9 | 10-12 || total
---------------------------+-------+-------+-------+-------++-------
  Melee: Unarmed           |     3 |       |       |       ||     3
         Trident           |       |     2 |    14 |    57 ||    73
   Cast: Magic Dart        |    41 |    80 |    77 |   106 ||   304
         Searing Ray       |     3 |    18 |    41 |    22 ||    84
         Iskenderun's Myst |       |       |     5 |    35 ||    40
         Fulminant Prism   |       |       |     2 |    22 ||    24
         Stone Arrow       |       |       |     1 |    86 ||    87
         Mephitic Cloud    |       |       |     1 |     3 ||     4
         Lee's Rapid Decon |       |       |       |    39 ||    39
  Evoke: Wand              |       |       |     5 |    13 ||    18
         Lightning rod     |       |       |       |     4 ||     4
    Use: Scroll            |     3 |     4 |     8 |     8 ||    23
         Potion            |       |       |     2 |     1 ||     3
 Armour: Robe              |     1 |     2 |       |       ||     3
         Leather armour    |       |     4 |    14 |     9 ||    27
         Steam dragon scal |       |       |       |    21 ||    21
  Dodge: Dodged            |     4 |     6 |    59 |   128 ||   197
  Block: Buckler           |       |       |       |    32 ||    32

Table legend: (Time is in decaauts)
 A = Elapsed time spent in this place.
 B = Non-inter-level travel time spent in this place.
 C = Inter-level travel time spent in this place.
 D = Time resting spent in this place.
 E = Time spent auto-exploring this place.
 F = Levels seen in this place.
 G = Mean time per level.
                   A        B        C        D        E       F      G
               +--------+--------+--------+--------+--------+-----+--------+
         Total |  14737 |  14015 |    722 |    704 |  11563 |  14 | 1052.6 |
       Dungeon |  13202 |  12513 |    689 |    591 |  10455 |  11 | 1200.2 |
        Temple |      1 |      1 |      0 |      0 |      0 |   1 |    1.0 |
          Lair |    458 |    425 |     33 |     84 |    214 |   1 |  458.0 |
      Ice Cave |   1074 |   1074 |      0 |     29 |    894 |   1 | 1074.0 |
               +--------+--------+--------+--------+--------+-----+--------+

Top non-repeatable levels by time:
     D:7: 1616 daAuts
     D:9: 1484 daAuts
     D:6: 1477 daAuts
    D:11: 1390 daAuts
    D:10: 1190 daAuts
     D:3: 1157 daAuts
     D:5: 1096 daAuts
   IceCv: 1074 daAuts
     D:4: 1044 daAuts
     D:8: 1041 daAuts
     D:1: 947 daAuts
     D:2: 755 daAuts
  Lair:1: 458 daAuts
  Temple: 1 daAuts
